 Dungeon Crawl Stone Soup version 0.21.0-3-g78d12a8 (webtiles) character file.

20160 myopia the Covert (level 12, 0/70 HPs)
             Began as an Octopode Assassin on Jan 13, 2018.
             Was a High Priest of Dithmenos.
             Slain by an ettin
             ... wielding a +0 dire flail of crushing
              (11 damage)
             ... on level 10 of the Dungeon.
             The game lasted 00:52:41 (14555 turns).

myopia the Covert (Octopode Assassin)              Turns: 14555, Time: 00:52:45

Health: 0/70       AC:  4    Str: 10    XL:     12   Next: 76%
Magic:  12/12      EV: 21    Int: 15    God:    Dithmenos [*****.]
Gold:   1117       SH: 19    Dex: 17    Spells: 10/11 levels left

rFire    x . .     SeeInvis .   x - +4 dagger (elec)
rCold    + . .     Gourm    .   E - +5 shield {AC+3}
rNeg     . . .     Faith    .   (helmet restricted)
rPois    .         Spirit   .   w - +2 amulet of reflection
rElec    .         Reflect  +   n - ring of flight
rCorr    .         Harm     .   N - ring of ice
MR       .....                  (no ring)
Stlth    +++++++++.             (no ring)
HPRegen  0.21/turn              (no ring)
MPRegen  0.13/turn              (no ring)
                                (no ring)
                                (no ring)

@: wreathed by umbra
A: almost no armour, stealthy swim, amphibious, 8 rings, constrict 8, camouflage
1, gelatinous body 1
a: Shadow Step, Shadow Form, Renounce Religion, Evoke Flight


You were on level 10 of the Dungeon.
You worshipped Dithmenos.
Dithmenos was extremely pleased with you.
You were not hungry.

You visited 4 branches of the dungeon, and saw 17 of its levels.
You also visited: Ice Cave.

You collected 1117 gold pieces.

Inventory:

Hand Weapons
 a - a +2 dagger
 b - a +0 blowgun
 x - a +4 dagger of electrocution (weapon)
 A - a +2 dagger of draining
 H - a +0 blowgun
 I - a +2 dagger of electrocution
 K - a +1 dagger of draining
 M - a +1 dagger of draining
Missiles
 c - 70 poisoned needles
 d - 13 curare-tipped needles
 e - 26 tomahawks
 J - 2 throwing nets (quivered)
Armour
 E - a +5 shield of protection (worn)
Magical Staves
 t - an uncursed staff of earth {unknown}
Jewellery
 n - a ring of flight (left tentacle)
 p - an uncursed amulet of harm
 w - a +2 amulet of reflection (around mantle)
 N - a ring of ice (right tentacle)
Wands
 G - a wand of digging (18)
 P - a wand of paralysis (18)
Scrolls
 g - 13 scrolls of remove curse
 r - 2 scrolls of teleportation
 s - 2 scrolls of enchant armour
 v - 2 scrolls of blinking
 y - a scroll of fear
 z - 5 scrolls of identify
 B - 2 scrolls of amnesia
 F - 2 scrolls of brand weapon
 Q - a scroll of enchant weapon {unknown}
Potions
 h - a potion of resistance
 i - a potion of might
 k - 3 potions of lignification
 o - 2 potions of brilliance
 q - 4 potions of curing
 u - 2 potions of cancellation
 C - a potion of invisibility
 L - a potion of flight
 O - a potion of haste {unknown}
Books
 j - a book of Frost

   Spells                             Type                      Level
   a - Freeze                         Ice                          1
   b - Throw Frost                    Conjuration/Ice              2
   c - Ozocubu's Armour               Charms/Ice                   3
   d - Throw Icicle                   Conjuration/Ice              4
   e - Summon Ice Beast               Ice/Summoning                4
 l - a book of Changes

   Spells                             Type                      Level
   a - Beastly Appendage              Transmutation                1
   b - Sticks to Snakes               Transmutation                2
   c - Spider Form                    Transmutation/Poison         3
   d - Ice Form                       Ice/Transmutation            4
   e - Blade Hands                    Transmutation                5
 D - a book of Beasts

   Spells                             Type                      Level
   a - Summon Butterflies             Summoning                    1
   b - Call Canine Familiar           Summoning                    3
   c - Summon Ice Beast               Ice/Summoning                4
   d - Summon Mana Viper              Hexes/Summoning              5
   e - Summon Hydra                   Summoning                    7
Comestibles
 f - 28 rations


   Skills:
 - Level 2.0 Fighting
 - Level 8.0 Short Blades
 - Level 2.0 Throwing
 - Level 11.7 Dodging
 - Level 13.0 Stealth
 + Level 12.4 Shields


You had 10 spell levels left.
You knew the following spells:

 Your Spells              Type           Power        Failure   Level  Hunger
a - Beastly Appendage     Tmut           #.....       36%         1    ##.....


Dungeon Overview and Level Annotations

Branches:
Dungeon (11/15)            Temple (1/1) D:6            Lair (3/6) D:10
    Orc (2/2) D:10
  Swamp: Lair:2-4    Shoals: Lair:2-4     Snake: Lair:2-4    Spider: Lair:2-4
    Elf: Orc:2

Altars:
Ashenzari
Dithmenos
Elyvilon
Fedhas
Gozag
Hepliaklqana
Kikubaaqudgha
Makhleb
Nemelex Xobeh
Okawaru
Qazlal
Ru
Sif Muna
Trog
Uskayaw
Vehumet
Wu Jian
Xom
Yredelemnul
Zin
The Shining One

Shops:
D:11 [

Annotations:
D:3 AdmiralAndromeda's ghost, amateur KoBe


Innate Abilities, Weirdness & Mutations

You cannot wear most types of armour.
You are very stealthy in the water. (Stealth+)
You are amphibious.
You can wear up to eight rings at the same time.
You can use your tentacles to constrict eight enemies at once.
Your skin changes colour to match your surroundings (Stealth+).
Your rubbery body absorbs attacks. (AC +1, EV +1)


Message History

You hit the ettin.
The ettin is lightly wounded.
You hit the ettin but do no damage.
The ettin is lightly wounded.
Your shadow hits the ettin but does no damage.
The orc knight barely misses you. You block the ettin's attack.
The ettin hits you with a dire flail!
You hit the ettin but do no damage.
The ettin is lightly wounded.
You hit the ettin.
The ettin is lightly wounded.
Your shadow barely misses the ettin.
The ettin completely misses you. You block the ettin's attack.
The orc knight closely misses you.
You hit the ettin.
The ettin is lightly wounded.
The ettin hits you with a dire flail of crushing!!!
Ouch! That really hurt!
* * * LOW HITPOINT WARNING * * *
You emit a cloud of dark smoke.
You die...

....## #.......####.[[).# #...
..#..# #.#...........#[#.####...
#.##.## ####..........###).......
#.##..## #.........#.##......##.
#...#..## ##.#.....#.##..........
........## ###.....###....>>.....
.........## ###.#.##............
..........#####8§8##............#
....#.........##@####(...[)......
....#.........#§C§###...).....###
..#......##...#§§o#...##.#.#.##
....>.......#.#...#.####...#..#
......#)...########......###..##
...#.#..##........######.###...#
.........#......### ##.....#)#
........#.......#######...####.#
........#.###........#...## #.#


You could see an orc knight and an ettin.

Vanquished Creatures
  A hydra (Lair:2)
  3 two-headed ogres
  A death yak (D:9)
  Sonja (Lair:1)
  Pikel (D:5)
  A centaur zombie (D:11)
  A black mamba (Lair:1)
  A spiny frog (Lair:3)
  A komodo dragon (Lair:1)
  A troll (D:10)
  4 hippogriffs
  7 blink frogs
  Grinder (D:6)
  A spriggan (D:11)
  Sigmund (D:2)
  2 wraiths
  13 yaks
  3 wyverns
  2 basilisks
  Eustachio (D:4)
  4 vampire mosquitoes (D:10)
  2 wargs (Orc:1)
  Menkaure (D:7)
  Duvessa (D:5)
  4 porcupines
  6 water moccasins
  A sky beast (D:5)
  6 ice beasts
  10 orc warriors
  4 phantoms
  A slave (D:5)
  A black bear (Lair:1)
  2 eyes of draining
  10 ogres
  6 wolves (Lair:2)
  4 centaurs
  3 crocodiles
  Blork the orc (D:4)
  5 bullfrogs
  A gnoll sergeant (D:9)
  Dowan (D:5)
  4 scorpions
  5 wights
  3 killer bees (D:7)
  4 howler monkeys
  2 crimson imps
  A bullfrog zombie (D:7)
  A bullfrog skeleton (D:6)
  6 hounds
  3 jellies
  5 orc priests
  2 centaur skeletons (D:4)
  Crazy Yiuf (D:3)
  4 gnoll shamans
  Jessica (D:2)
  13 orc wizards
  8 worker ants
  7 hell rats
  2 hound zombies
  A hound skeleton (D:6)
  3 worker ant zombies
  Robin (D:2)
  8 adders
  17 gnolls
  3 shadow imps
  2 oozes
  2 adder zombies
  2 worms
  A dart slug (D:3)
  4 leopard geckos
  47 orcs
  5 bats
  3 giant cockroaches
  16 goblins
  7 hobgoblins
  8 jackals
  4 kobolds
  7 quokkas
  3 ball pythons
  6 frilled lizards
  A leopard gecko skeleton (D:6)
  8 rats
  A fungus (D:7)
353 creatures vanquished.

Vanquished Creatures (others)
  A bullfrog skeleton (D:7)
  A bush (Lair:3)
  6 fungi
  2 plants
10 creatures vanquished.

Grand Total: 363 creatures vanquished

Notes
Turn   | Place    | Note
-------+----------+-------------------------------------------
     0 | D:1      | myopia the Octopode Assassin began the quest for the Orb.
     0 | D:1      | Reached XP level 1. HP: 14/14 MP: 1/1
   333 | D:1      | Reached XP level 2. HP: 3/19 MP: 2/2
   755 | D:2      | Reached skill level 6 in Stealth
   755 | D:2      | Reached XP level 3. HP: 24/24 MP: 3/3
   891 | D:2      | Reached XP level 4. HP: 29/29 MP: 4/4
   911 | D:2      | Noticed Robin
  1587 | D:2      | Killed Robin
  1792 | D:2      | Noticed Sigmund
  1810 | D:2      | Killed Sigmund
  1810 | D:2      | Reached skill level 5 in Short Blades
  1810 | D:2      | Reached XP level 5. HP: 14/34 MP: 5/5
  1810 | D:2      | Reached XP level 6. HP: 16/39 MP: 6/6
  2027 | D:2      | Noticed Jessica
  2032 | D:2      | Killed Jessica
  2245 | D:3      | Noticed AdmiralAndromeda's ghost (amateur KoBe)
  2552 | D:3      | Found a shattered altar of Ashenzari.
  2671 | D:3      | Found a runed door.
  2675 | D:3      | Noticed Crazy Yiuf
  2679 | D:3      | Killed Crazy Yiuf
  2918 | D:4      | Noticed Blork the orc
  2920 | D:4      | Killed Blork the orc
  2920 | D:4      | Reached XP level 7. HP: 41/45 MP: 7/7
  3213 | D:4      | Noticed Eustachio
  3220 | D:4      | Killed Eustachio
  3417 | D:4      | Reached skill level 7 in Stealth
  3497 | D:5      | Entered Level 5 of the Dungeon
  3688 | D:5      | Reached skill level 8 in Stealth
  3688 | D:5      | Reached XP level 8. HP: 50/50 MP: 8/8
  3985 | D:5      | Reached skill level 9 in Stealth
  4034 | D:5      | Noticed Duvessa
  4035 | D:5      | Noticed Dowan
  4049 | D:5      | Killed Duvessa
  4049 | D:5      | Reached skill level 10 in Stealth
  4060 | D:5      | Killed Dowan
  4342 | D:5      | Found a hazy altar of Hepliaklqana.
  4384 | D:5      | Reached skill level 11 in Stealth
  4541 | D:5      | Noticed Pikel
  4557 | D:5      | Killed Pikel
  4557 | D:5      | Reached skill level 13 in Stealth
  4557 | D:5      | Reached XP level 9. HP: 35/54 MP: 9/9
  4896 | D:6      | Found a staircase to the Ecumenical Temple.
  4905 | Temple   | Entered the Ecumenical Temple
  4935 | Temple   | Became a worshipper of Dithmenos the Shadowed
  5039 | D:6      | Noticed Grinder
  5064 | D:6      | Paralysed by Grinder for 3 turns
  5068 | D:6      | HP: 2/54 [Grinder (10)]
  5316 | D:6      | Paralysed by Grinder for 5 turns
  5321 | D:6      | Killed Grinder
  5675 | D:6      | Reached skill level 5 in Dodging
  6232 | D:7      | Noticed Menkaure
  6239 | D:7      | Killed Menkaure
  6270 | D:7      | Reached XP level 10. HP: 56/60 MP: 10/10
  6320 | D:7      | Reached * piety under Dithmenos
  7906 | D:8      | Reached ** piety under Dithmenos
  8027 | D:8      | Noticed a two-headed ogre
  8033 | D:8      | Killed a two-headed ogre
  8033 | D:8      | Reached skill level 10 in Dodging
  8390 | D:9      | Learned a level 1 spell: Beastly Appendage
  8396 | D:9      | Noticed a two-headed ogre
  8411 | D:9      | Killed a two-headed ogre
  8411 | D:9      | Reached XP level 11. HP: 44/64 MP: 9/11
  9051 | D:10     | Entered Level 10 of the Dungeon
  9188 | D:10     | Reached skill level 1 in Shields
  9199 | D:10     | Reached *** piety under Dithmenos
  9250 | D:10     | Noticed a death yak
  9253 | D:10     | Noticed a death yak
  9311 | D:9      | Killed a death yak
  9528 | D:10     | Reached skill level 5 in Shields
  9739 | D:10     | Reached **** piety under Dithmenos
  9785 | D:10     | Found a staircase to the Orcish Mines.
  9988 | D:11     | Found a frozen archway.
 10054 | IceCv    | Entered an ice cave
 10054 | IceCv    | Noticed a white ugly thing
 10545 | D:11     | Found Neovvues's Armour Emporium.
 10839 | D:10     | Found a staircase to the Lair.
 10874 | Lair:1   | Entered Level 1 of the Lair of Beasts
 10929 | Lair:1   | Reached XP level 12. HP: 70/70 MP: 12/12
 11029 | Lair:1   | Noticed Sonja
 11031 | Lair:1   | Found a stormy altar of Qazlal.
 11037 | Lair:1   | Killed Sonja
 11037 | Lair:1   | Reached skill level 10 in Shields
 11423 | Lair:1   | Reached ***** piety under Dithmenos
 11620 | Lair:2   | Noticed a five-headed hydra
 11623 | Lair:2   | Killed a five-headed hydra
 13020 | Lair:3   | Noticed a death yak
 13021 | Lair:3   | Noticed a death yak
 13022 | Lair:3   | Noticed a death yak
 13022 | Lair:3   | Noticed a death yak
 13024 | Lair:3   | Noticed a death yak
 13421 | Orc:1    | Entered Level 1 of the Orcish Mines
 13599 | Orc:2    | Entered Level 2 of the Orcish Mines
 13599 | Orc:2    | Noticed a two-headed ogre
 13621 | Orc:1    | Killed a two-headed ogre
 13942 | Orc:2    | Noticed an ettin
 14270 | D:10     | Noticed a death yak
 14555 | D:10     | Slain by an ettin

Skill      XL: |  1  2  3  4  5  6  7  8  9 10 11 12 |
---------------+-------------------------------------+-----
Short Blades   | 3 5 7 8 |  8.0
Stealth        | 6 8 13 | 13.0
Dodging        | 7 11 | 11.7
Shields        | 9 12 | 12.4
Fighting       | |  2.0
Throwing       | |  2.0

Action                   |  1- 3 |  4- 6 |  7- 9 | 10-12 || total
-------------------------+-------+-------+-------+-------++-------
Melee: Dagger            |    23 |   135 |   216 |   599 ||   973
       Constrict         |     4 |    34 |    39 |    85 ||   162
       Tentacles         |     3 |    19 |    39 |    94 ||   155
       Kick              |       |       |       |     2 ||     2
Throw: Throwing net      |       |     2 |     1 |       ||     3
       Tomahawk          |       |       |       |     1 ||     1
 Cast: Beastly Appendage |       |       |       |     1 ||     1
  Use: Scroll            |       |     9 |     5 |    14 ||    28
       Potion            |       |       |     3 |     4 ||     7
 Stab: Sleeping          |     9 |    12 |    25 |    67 ||   113
       Distracted        |     1 |       |     2 |     4 ||     7
       Held in net/web   |       |     1 |     1 |       ||     2
  Eat: Chunk             |       |     6 |     7 |    22 ||    35
       Ration            |       |       |     1 |     2 ||     3
Armor: Skin              |     1 |     8 |     1 |    10 ||    20
Dodge: Dodged            |     3 |    75 |    84 |   240 ||   402
Block: Other             |       |       |     8 |     2 ||    10
       Shield            |       |       |       |   238 ||   238
